 Dungeon Crawl Stone Soup version 0.30-a0-920-g7493c07aab (webtiles) character file.

Game seed: 11851352894297474957

227115 Sobieck the Wrestler (level 19, -4/191 HPs)
             Began as a Ghoul Gladiator on Mar 20, 2023.
             Was a High Priest of Wu Jian.
             Slain by a merfolk impaler
             ... wielding a +5 trident of freezing
              (10 damage)
             ... on level 4 of the Shoals on Mar 21, 2023.
             The game lasted 01:32:40 (37609 turns).

Sobieck the Wrestler (Ghoul Gladiator)             Turns: 37609, Time: 01:32:41

Health: -4/191     AC: 31    Str: 32    XL:     19   Next: 37%
Magic:  18/18      EV: 16    Int:  3    God:    Wu Jian [*****.]
Gold:   195        SH: 10    Dex: 10    Spells: 18/18 levels left

rFire   . . .      SeeInvis .      - Unarmed
rCold   + . .      Faith    .    Q - +2 buckler
rNeg    + + +      Spirit   .    a - +2 crystal plate armour {rare=g}
rPois   ∞          Reflect  +    o - +1 helmet
rElec   .          Rampage  .    q - +0 cloak
rCorr   .                        (no gloves)
Will    +....                    (no boots) Stlth
                                 s - amulet of reflection
HPRegen 0.00/turn                M - ring of flight
MPRegen 0.16/turn                X - +6 ring of strength

@: in a heavenly storm, flying, inhibited regen, glowing, studying Armour
A: claws 1, cold resistance 1, negative energy resistance 3, inhibited
regeneration, torment resistance 2, devour on kill
}: 1/15 runes: serpentine
a: Renounce Religion, Wall Jump, Serpent's Lash, Heavenly Storm


You were on level 4 of the Shoals.
You worshipped Wu Jian.
Wu Jian was extremely pleased with you.
You visited 6 branches of the dungeon, and saw 31 of its levels.
You also visited: Ossuary.

You collected 3136 gold pieces.
You spent 2941 gold pieces at shops.


Innate Abilities, Weirdness & Mutations

You are immune to poison.
You have sharp fingernails.
Your flesh is cold resistant. (rC+)
You are immune to negative energy. (rN+++)
You do not regenerate when monsters are visible.
You are immune to unholy pain and torment.
You thrive by killing the living.


   Skills:
 + Level 22.1 Fighting
 - Level 1.7 Throwing
 + Level 16.7 Armour
 - Level 2.6 Dodging
 + Level 23.6 Unarmed Combat


You had 18 spell levels left.
You didn't know any spells.
Your spell library contained the following spells:

 Spells                   Type           Power      Damage    Failure   Level
 Magic Dart               Conj           0%         1d3       100%        1
 Sandblast                Erth           0%         2d4       100%        1
 Summon Small Mammal      Summ           0%         N/A       100%        1
 Call Imp                 Summ           0%         N/A       100%        2
 Passwall                 Tmut/Erth      0%         N/A       100%        2
 Call Canine Familiar     Summ           0%         N/A       100%        3
 Dazzling Flash           Conj/Hex       0%         N/A       100%        3
 Frozen Ramparts          Ice            0%         1d1       100%        3
 Gell's Gravitas          Tloc           0%         N/A       100%        3
 Ignite Poison            Fire/Tmut/Pois 0%         N/A       100%        3
 Inner Flame              Hex/Fire       0%         N/A       100%        3
 Mephitic Cloud           Conj/Pois/Air  0%         N/A       100%        3
 Stone Arrow              Conj/Erth      0%         3d7       100%        3
 Summon Guardian Golem    Hex/Summ       0%         N/A       100%        3
 Teleport Other           Tloc           0%         N/A       100%        3
 Animate Dead             Necr           0%         N/A       100%        4
 Flame Wave               Conj/Fire      0%         2d4       100%        4
 Manifold Assault         Tloc           0%         N/A       100%        4
 Petrify                  Tmut/Erth      0%         N/A       100%        4
 Sticky Flame             Conj/Fire      0%         2d3       100%        4
 Summon Ice Beast         Ice/Summ       0%         N/A       100%        4
 Agony                    Necr           0%         N/A       100%        5
 Alistair's Intoxication  Tmut/Pois      0%         N/A       100%        5
 Borgnjor's Vile Clutch   Necr/Erth      0%         N/A       100%        5
 Irradiate                Conj/Tmut      0%         3d11      100%        5
 Silence                  Hex/Air        0%         N/A       100%        5
 Death Channel            Necr           0%         N/A       100%        6
 Dispersal                Tloc           0%         N/A       100%        6
 Eringya's Noxious Bog    Tmut/Pois      0%         N/A       100%        6
 Summon Hydra             Summ           0%         N/A       100%        7
 Disjunction              Tloc           0%         N/A       100%        8
 Ignition                 Fire           0%         3d3       100%        8
 Sublimation of Blood     Necr           Unusable   N/A       N/A         2
 Wereblood                Tmut           Unusable   N/A       N/A         2
 Ice Form                 Ice/Tmut       Unusable   N/A       N/A         4

Inventory:

Hand Weapons
 b - the +10 sling "Arbiter" {flame, *Corrode Fly Str+3}
   (You found it on level 2 of the Dungeon)

   Str:       It affects your strength (+3).
   Fly:       It grants you flight.
   *Corrode:  It may corrode you when you take damage.
Missiles
 c - 7 throwing nets {=f!fthrowing}
 d - 8 javelins {throwing}
 k - 2 curare-tipped darts {=fthrowing}
 x - 9 atropa-tipped darts {throwing}
 z - 41 poisoned darts {throwing}
 K - 13 boomerangs {throwing}
Armour
 a - a +2 crystal plate armour (worn) {rare=g}
   (You bought it in a shop on level 6 of the Dungeon)
 o - a +1 helmet (worn)
 q - a +0 cloak (worn)
   (You found it on level 9 of the Dungeon)
 y - a +0 kite shield
   (You took it off Asterion on level 2 of the Snake Pit)
 Q - a +2 buckler (worn)
   (You took it off a gnoll sergeant on level 9 of the Dungeon)
Jewellery
 s - an amulet of reflection (around neck)
   (You found it on level 3 of the Dungeon)
 w - a +4 ring of slaying
   (You found it on level 10 of the Dungeon)
 E - a +4 ring of slaying
   (You found it on level 12 of the Dungeon)
 M - a ring of flight (left claw)
   (You found it on level 3 of the Lair of Beasts)
 P - a ring of ice
   (You found it on level 5 of the Dungeon)
 R - a ring of resist corrosion
   (You found it on level 5 of the Lair of Beasts)
 U - a ring of willpower
   (You found it on level 15 of the Dungeon)
 V - a ring of see invisible
   (You found it on level 15 of the Dungeon)
 X - a +6 ring of strength (right claw)
   (You found it on level 6 of the Dungeon)
Wands
 p - a wand of quicksilver (16)
   (You found it on level 2 of the Dungeon)
 u - a wand of charming (8)
   (You found it on level 3 of the Snake Pit)
 F - a wand of flame (30)
   (You found it on level 6 of the Dungeon)
 S - a wand of iceblast (30)
   (You found it on level 7 of the Dungeon)
 W - a wand of mindburst (6)
   (You found it on level 15 of the Dungeon)
Scrolls
 f - 4 scrolls of fog
 g - a scroll of fear
 h - 2 scrolls of immolation {!r!r}
 i - 5 scrolls of blinking {!r}
 j - a scroll of poison
 n - 3 scrolls of butterflies
 C - 3 scrolls of magic mapping {!r}
 D - 21 scrolls of teleportation {@r4}
 G - 2 scrolls of torment
 H - 3 scrolls of silence {!r}
 N - 18 scrolls of identify {@r1}
 Y - 5 scrolls of vulnerability {!r!r}
Potions
 e - a potion of magic
 l - 7 potions of flight
 m - 4 potions of brilliance
 r - 5 potions of might
 t - 3 potions of haste {@q3}
 v - 3 potions of attraction {!q}
 A - 19 potions of curing {@q1}
 B - a potion of heal wounds {@q2}
 O - a potion of cancellation
 T - a potion of resistance
 Z - 4 potions of ambrosia
Miscellaneous
 I - a phial of floods
   (You found it on level 3 of the Lair of Beasts)
 J - a phantom mirror
   (You found it on level 3 of the Lair of Beasts)
 L - a tin of tremorstones (2/2) {throwing}
   (You found it on level 3 of the Lair of Beasts)

Dungeon Overview and Level Annotations

Branches:
Dungeon (15/15) Zot: 25669  Temple (1/1) D:6 Zot: 5985    Lair (5/5) D:10 Zot: 23686
 Shoals (4/4) Lair:3 Zot: 19398   Snake (4/4) Lair:3 Zot: 17935   Slime (0/5) Lair:4
    Orc (2/2) D:9 Zot: 8926     Elf (0/3) Orc:2        Vaults (0/5) D:13
 Depths (0/4) D:15        Ossuary (visited)

Altars:
Cheibriados
Fedhas
Gozag
Hepliaklqana
Makhleb
Nemelex Xobeh
Okawaru
Ru
Trog
Uskayaw
Wu Jian
Yredelemnul
Jiyva

Shops:
D:6 [   D:9 *   Orc:2 ((*!:   Snake:3 *

Annotations:
D:6 exclusion: upstairs
Lair:2 1 runed translucent door, Cattocvo's ghost, journeyman VSWr
Shoals:1 3 runed translucent doors, Imuqomp's ghost, adept AtWn
Shoals:2 3 runed translucent doors, Busoho's ghost, adept MiFi; Hiprater's ghost, adept MiBe; Taczaky's ghost, journeyman MiFi; Xomnowas's ghost, journeyman HOFi
Snake:2 1 runed translucent door, Isiyh's ghost, journeyman MiMo

≈≈≈≈≈≈≈≈. ≈≈≈≈≈≈≈≈≈..
≈≈≈≈≈≈≈≈≈.# ≈≈≈≈≈≈≈~~.#
≈≈≈≈≈≈~~~.# .
≈≈≈≈≈~~.~.# ..
≈≈≈~~§☼§§§# ...
≈≈~~~☼☼§☼m### #...
≈≈~~.§§@§m☼☼# ### .....
≈≈~~.§☼§☼mmC###~###.....
≈~~..§§☼##m§☼~~~~~......
≈~~~..~##§☼☼§~~~........
≈≈~~~~..)§☼§§~~~..~~~...
≈≈~~~....~~#.~#~..~~~[~.
≈≈≈~~....#######..~~~~~~
≈≈≈≈~~..# ~##....~~
≈≈≈≈≈≈.# ~~ ~<.~~~


You could see 3 merfolk impalers.


Message History

Press: ? - help, Dir - move target A merfolk impaler comes into view.
It is wielding a +3 demon trident of freezing.
You repeatedly attack the merfolk impaler from above.
You eviscerate the merfolk impaler!!!
You kill the merfolk impaler!
The Council accepts your kill.
You repeatedly attack the frost giant from above.
You claw the frost giant!
You scratch the frost giant but do no damage.
You mangle the frost giant!!
You repeatedly attack the merfolk impaler from above.
You mangle the merfolk impaler!!
You kill the merfolk impaler!
The Council accepts your kill.
You feel better.
The merfolk impaler hits you from afar with a +4 trident of freezing!
* * * LOW HITPOINT WARNING * * *
The merfolk impaler freezes you.
* * * LOW HITPOINT WARNING * * *
The merfolk hits you but does no damage.
The merfolk impaler barely misses you. You block the harpy's attack. x2
The merfolk impaler hits you but does no damage.
The frost giant barely misses you.
The merfolk impaler hits you from afar with a +5 trident of freezing!
* * * LOW HITPOINT WARNING * * *
The merfolk impaler freezes you.
* * * LOW HITPOINT WARNING * * *
The merfolk hits you from afar with a +0 trident.
* * * LOW HITPOINT WARNING * * *
The merfolk impaler hits you but does no damage.
The frost giant gestures at you while chanting.
The bolt of cold hits you! You resist.
* * * LOW HITPOINT WARNING * * *
The merfolk impaler hits you but does no damage. x2
Unknown command.
Unknown command.
Unknown command.
The air is filled with shimmering golden clouds!
Sifu Yunchang says: The storm will not cease as long as you keep fighting, disciple!
You hear an angry hiss.
The harpy closely misses you. x2; The merfolk impaler closely misses you. x2
The frost giant hits you with a +0 battleaxe of freezing.
* * * LOW HITPOINT WARNING * * *
The merfolk impaler completely misses you.
Unknown command.
You lunge at the harpy, in a flurry of attacks.
You mangle the harpy!! You claw the harpy!
You kill the harpy!
The Council accepts your kill.
You spin and attack the frost giant.
You claw the frost giant! You block the merfolk impaler's attack.
The merfolk impaler closely misses you.
The merfolk impaler hits you with a +5 trident of freezing.
* * * LOW HITPOINT WARNING * * *
The merfolk hits you from afar with a +0 trident.
* * * LOW HITPOINT WARNING * * *
The merfolk impaler hits you but does no damage.
The frost giant barely misses you. You block the merfolk impaler's attack.
Things that are here:
a +0 demon trident of electrocution {polearm}; a +0 robe; a merfolk corpse Unknown command.
You spin and attack the frost giant.
You claw the frost giant!
You spin and attack the merfolk impaler repeatedly.
You claw the merfolk impaler! You mangle the merfolk impaler!!
You spin and attack the merfolk impaler.
You claw the merfolk impaler! You block the merfolk impaler's attack.
The merfolk impaler hits you but does no damage. x3
The frost giant hits you with a +0 battleaxe of freezing!
* * * LOW HITPOINT WARNING * * *
The frost giant freezes you.
* * * LOW HITPOINT WARNING * * *
The merfolk impaler hits you with a +4 trident of freezing.
* * * LOW HITPOINT WARNING * * *
The merfolk impaler freezes you.
* * * LOW HITPOINT WARNING * * *
Things that are here:
a +0 spear {polearm}; a harpy corpse; a merfolk corpse Unknown command.
You spin and attack the merfolk impaler.
You barely miss the merfolk impaler.
The merfolk impaler hits you but does no damage.
You block the merfolk impaler's attack.
The frost giant points at you and mumbles some strange words.
The bolt of cold hits you!! You resist.
* * * LOW HITPOINT WARNING * * *
The merfolk impaler closely misses you.
Things that are here:
a +4 trident of venom {polearm}; a +0 leather armour Unknown command.
You spin and attack the merfolk impaler repeatedly.
You miss the merfolk impaler. You closely miss the merfolk impaler.
The merfolk impaler barely misses you.
Unknown command.
The merfolk impaler hits you from afar with a +5 trident of freezing.
* * * LOW HITPOINT WARNING * * *
The merfolk impaler hits you but does no damage.
There is a stone staircase leading up here.
Unknown command.
You block the merfolk impaler's attack.
The merfolk impaler hits you from afar with a +5 trident of freezing!
You die...

Skill      XL: |  1  2  3  4  5  6  7  8  9 10 11 12 13 14 15 16 17 18 19 |
---------------+----------------------------------------------------------+-----
Unarmed Combat | 4 5 6 7 8 10 12 13 14 15 17 18 20 21 22 23 | 23.6
Fighting       | 3 4 5 7 8 10 11 13 15 16 18 19 20 21 22 | 22.1
Armour         | 2 5 7 9 10 11 13 15 16 | 16.7
Throwing       | |  1.7
Dodging        | |  2.6

Action                     |  1- 3 |  4- 6 |  7- 9 | 10-12 | 13-15 | 16-18 | 19-21 || total
---------------------------+-------+-------+-------+-------+-------+-------+-------++-------
  Melee: Unarmed           |   111 |    67 |   214 |   399 |   664 |  1289 |   250 ||  2994
         Punch             |     1 |     2 |    17 |    21 |    52 |       |       ||    93
   Fire: Sling             |    12 |    46 |    94 |   111 |    96 |       |       ||   359
  Throw: Stone             |       |       |       |       |       |     4 |       ||     4
 Invoke: Serpent's Lash    |       |       |       |     2 |     2 |     4 |     1 ||     9
         Heavenly Storm    |       |       |       |     1 |       |     3 |     2 ||     6
Ability: Lunge             |       |       |     8 |    35 |    51 |   136 |    28 ||   258
         Whirlwind         |       |       |     3 |    23 |    90 |   164 |    77 ||   357
         Wall Jump         |       |       |       |       |     6 |    19 |     5 ||    30
    Use: Scroll            |       |     7 |     9 |     8 |     5 |     5 |     1 ||    35
         Potion            |       |       |     3 |     3 |     5 |     2 |       ||    13
 Armour: Leather armour    |    24 |       |       |       |       |       |       ||    24
         Scale mail        |     6 |       |       |       |       |       |       ||     6
         Chain mail        |       |    41 |     8 |       |       |       |       ||    49
         Plate armour      |       |       |    66 |   167 |   161 |       |       ||   394
         Crystal plate arm |       |       |       |       |    90 |   540 |   105 ||   735
  Dodge: Dodged            |    72 |    26 |    75 |   126 |   131 |   226 |    68 ||   724
  Block: Other             |     2 |    21 |    41 |    68 |    68 |       |       ||   200
         Reflection        |       |       |       |     4 |     4 |    38 |    14 ||    60
         Buckler           |       |       |       |       |    55 |   382 |    86 ||   523

Levels and vault maps discovered:
D:1:      eino_arrival_druids_welcome, layout_basic, basic_ecumenical_altar,
          eino_curves_04, st_stairs_5
D:2:      layout_loops_corners
D:3:      minmay_chambers_of_twos, layout_loops_ring
D:4:      layout_basic
D:5:      cheibrodos_iron_armory, layout_basic, mainiacjoe_overflow_swirl,
          nicolae_gozag_cash_rules_everything_around_me
D:6:      layout_loops_corners, minmay_temple_entry_junction, serial_shops,
          nicolae_shop_behind_doors, uniq_eustachio
D:7:      layout_basic, nicolae_ossuary_entry_giza, kennysheep_small_spiral
D:8:      minmay_chambers_of_sevens, layout_cave_pods, fountainhead
D:9:      layout_cave_pods, kennysheep_orc_monster_closet_entryway,
          enter_bailey_5, serial_shops, shop, serial_bayou_pond_d, minivault_27
D:10:     layout_loops_corners, dpeg_oklobed_lair,
          hangedman_decor_diamond_cutter, minmay_evil_grid
D:11:     layout_cave_pods
D:12:     layout_loops_ring, chequers_serial_rivers_micro_a, uniq_jorgrun
D:13:     layout_rooms, david_vaults_5, serial_park_tiny_1,
          kennysheep_windowed_goal
D:14:     layout_long_grid, kennysheep_another_room
D:15:     grunt_enter_depths_magical_seal, layout_basic,
          nicolae_uskayaw_en_pointe, dreamdust_mushroom_princess,
          dk_noncrumbling_3
Temple:   compressed_dpeg_triangle_lava_temple
Lair:1:   layout_cave_pods
Lair:2:   layout_loops_ring, ebering_ghost_inner_flame, serial_bayou,
          serial_bayou_lagoon_a, serial_bayou_pond_d, serial_bayou_ford_a,
          serial_bayou_shore_b, minmay_holes, minivault_25, beast_lair_carwin_3,
          infiniplex_staircase_pool_2
Lair:3:   dragon1_lemuel, layout_regular_city, nicolae_shoals_entry_flooding,
          minmay_snake_entry_guardpost_small, uniq_kirke
Lair:4:   layout_long_grid, nicolae_slime_entry_slimehenge, basic_altar,
          columned_hall_lemuel, grunt_forest_small_clearing_treed
Lair:5:   grunt_lair_end_beastmaster, layout_small_grid
Shoals:1: layout_shoals, gammafunk_ghost_tricky_traps,
          nicolae_shoals_lost_giant_pillars, nicolae_shoals_kraken_intersection
Shoals:2: layout_shoals, gammafunk_ghost_cemetery, uniq_aizul, uniq_ilsuiw,
          uniq_nikola, uniq_polyphemus
Shoals:3: layout_shoals
Shoals:4: shoals_end_grunt_ice, layout_shoals
Snake:1:  layout_gridlike, grunt_megastairs_2
Snake:2:  nicolae_sea_snake_s, layout_misc_corridors,
          portal_ice_cave_entry_ice_simulacra, hellmonk_ghost_happy_afterlife,
          serial_bayou_shore_a, uniq_saint_roka, uniq_agnes, uniq_frances,
          uniq_azrael, uniq_asterion
Snake:3:  layout_misc_corridors, nicolae_shop_clearance
Snake:4:  minmay_snake_end_coiled, layout_cave_town,
          hangedman_snake_wide_pillar_pass, nicolae_snake_snakes_in_the_grass
Orc:1:    layout_caves, minmay_orc_keep
Orc:2:    st_orc_elflike, layout_caves, nicolae_shop_self_help, uniq_snorg

Notes
Turn   | Place    | Note
-------+----------+-------------------------------------------
     0 | D:1      | Sobieck the Ghoul Gladiator began the quest for the Orb.
     0 | D:1      | Reached XP level 1. HP: 17/17 MP: 0/0
   171 | D:1      | Reached XP level 2. HP: 20/25 MP: 1/1
   476 | D:1      | Found a faded altar of an unknown god.
   496 | D:1      | Reached skill level 4 in Unarmed Combat
   514 | D:1      | Reached XP level 3. HP: 30/30 MP: 2/2
   553 | D:1      | Reached skill level 3 in Fighting
  1301 | D:2      | Identified the +10 sling "Arbiter" {flame, *Corrode Fly
                  | Str+3}
  1418 | D:2      | You pick up a book of Geomancy and begin reading...
  1418 | D:2      | You add the spells Sandblast, Passwall and Stone Arrow to
                  | your library.
  2005 | D:3      | Reached XP level 4. HP: 38/38 MP: 3/3
  2358 | D:3      | You add the spells Gell's Gravitas, Teleport Other and
                  | Dispersal to your library.
  2503 | D:4      | Reached skill level 5 in Unarmed Combat
  2620 | D:4      | You pick up a book of the Senses and begin reading...
  2620 | D:4      | You add the spells Dazzling Flash, Agony and Silence to
                  | your library.
  2647 | D:4      | Reached XP level 5. HP: 46/46 MP: 4/4
  2802 | D:4      | You pick up a book of Minor Magic and begin reading...
  2802 | D:4      | You add the spells Magic Dart, Call Imp and Mephitic Cloud
                  | to your library.
  2900 | D:4      | Reached skill level 4 in Fighting
  3159 | D:5      | Entered Level 5 of the Dungeon
  3232 | D:4      | Reached skill level 6 in Unarmed Combat
  3232 | D:4      | Reached XP level 6. HP: 38/52 MP: 5/5
  3645 | D:5      | Reached skill level 5 in Fighting
  3645 | D:5      | Reached skill level 7 in Unarmed Combat
  3645 | D:5      | Reached XP level 7. HP: 61/61 MP: 6/6
  3746 | D:5      | Found a sacrificial altar of Ru.
  3777 | D:5      | Found a bloodstained altar of Trog.
  3809 | D:5      | Found an opulent altar of Gozag.
  4104 | D:5      | HP: 11/61 [orc warrior/+3 flail (7)]
  4358 | D:6      | Found a staircase to the Ecumenical Temple.
  4367 | Temple   | Entered the Ecumenical Temple
  4374 | Temple   | Became a worshipper of the Wu Jian Council
  4455 | D:5      | Noticed a rust devil
  4455 | D:5      | Noticed a rust devil
  4519 | D:6      | Reached skill level 8 in Unarmed Combat
  4524 | D:6      | Reached XP level 8. HP: 70/70 MP: 7/7
  4549 | D:6      | Reached skill level 6 in Fighting
  4612 | D:6      | Found the +5 Force Lance {heavy, knockback}
  4734 | D:6      | Noticed Eustachio
  4742 | D:6      | Killed Eustachio
  4743 | D:6      | Reached skill level 9 in Unarmed Combat
  5047 | D:6      | Found Boraosuf's Antique Armour Emporium.
  5373 | D:7      | Noticed a yak
  5375 | D:7      | Noticed a yak
  5375 | D:7      | Noticed a yak
  5376 | D:7      | Noticed a yak
  5386 | D:7      | Killed a yak
  5387 | D:7      | Reached skill level 7 in Fighting
  5387 | D:7      | Reached skill level 10 in Unarmed Combat
  5390 | D:7      | Killed a yak
  5394 | D:7      | Killed a yak
  5395 | D:7      | Reached XP level 9. HP: 61/79 MP: 8/8
  5536 | D:7      | Reached skill level 11 in Unarmed Combat
  5547 | D:7      | Found a sand-covered staircase.
  5567 | Ossuary  | Entered an ossuary
  5586 | Ossuary  | Reached * piety under Wu Jian
  5774 | Ossuary  | Reached ** piety under Wu Jian
  5779 | Ossuary  | Reached skill level 8 in Fighting
  6464 | D:7      | Reached skill level 12 in Unarmed Combat
  6611 | D:7      | Reached skill level 1 in Armour
  7176 | D:8      | Reached skill level 2 in Armour
  7201 | D:8      | Noticed a hornet
  7223 | D:8      | Killed a hornet
  7224 | D:8      | Reached XP level 10. HP: 90/90 MP: 9/9
  7243 | D:8      | Noticed a brown ugly thing
  7247 | D:8      | Killed a brown ugly thing
  7248 | D:8      | Reached skill level 9 in Fighting
  7248 | D:8      | Reached skill level 3 in Armour
  7257 | D:8      | Noticed a five-headed hydra
  7265 | D:8      | Killed a five-headed hydra
  7266 | D:8      | Reached skill level 4 in Armour
  7266 | D:8      | Reached skill level 13 in Unarmed Combat
  7275 | D:8      | Noticed a salamander
  7562 | D:8      | Reached *** piety under Wu Jian
  7629 | D:8      | Reached skill level 10 in Fighting
  7637 | D:8      | Reached skill level 5 in Armour
  8121 | D:8      | Noticed a fire crab
  8130 | D:8      | Killed a fire crab
  8131 | D:8      | Reached XP level 11. HP: 84/101 MP: 10/10
  8585 | D:9      | Reached skill level 6 in Armour
  8723 | D:9      | Reached skill level 14 in Unarmed Combat
  8728 | D:9      | Reached **** piety under Wu Jian
  8729 | D:9      | Reached skill level 11 in Fighting
  9546 | D:9      | Found a staircase to the Orcish Mines.
  9647 | D:9      | Found Cogum's Assorted Antiques.
  9659 | D:9      | Bought a fizzy silvery potion for 25 gold pieces
  9837 | D:10     | Entered Level 10 of the Dungeon
 10579 | D:10     | Found a staircase to the Lair.
 10722 | D:10     | Reached skill level 7 in Armour
 10809 | D:10     | Noticed a purple ugly thing
 10817 | D:10     | Killed a purple ugly thing
 10913 | D:10     | Noticed a manticore
 10917 | D:10     | Killed a manticore
 10947 | D:10     | Noticed a salamander
 10955 | D:10     | Killed a salamander
 10980 | D:10     | Noticed a brown ugly thing
 10985 | D:10     | Identified the staff of earth "Utih" {Int+7}
 10991 | D:10     | Noticed an ogre mage
 10996 | D:10     | Killed an ogre mage
 10997 | D:10     | Reached XP level 12. HP: 97/112 MP: 11/11
 11044 | D:10     | Reached skill level 12 in Fighting
 11080 | D:10     | Noticed a centaur warrior
 11090 | D:10     | Killed a centaur warrior
 11142 | D:10     | Noticed a centaur warrior
 11148 | D:10     | Killed a centaur warrior
 11149 | D:10     | Reached skill level 15 in Unarmed Combat
 11211 | D:10     | Reached skill level 8 in Armour
 11357 | D:10     | Reached ***** piety under Wu Jian
 11581 | D:11     | You pick up a book of Alchemy and begin reading...
 11581 | D:11     | You add the spells Petrify and Irradiate to your library.
 12892 | D:12     | You pick up a book of Callings and begin reading...
 12892 | D:12     | You add the spells Summon Small Mammal, Call Canine
                  | Familiar and Summon Guardian Golem to your library.
 13049 | D:12     | Reached skill level 13 in Fighting
 13108 | D:12     | Noticed Jorgrun
 13123 | D:12     | Killed Jorgrun
 13123 | D:12     | Reached skill level 9 in Armour
 13646 | Orc:1    | Entered Level 1 of the Orcish Mines
 13806 | Orc:2    | Entered Level 2 of the Orcish Mines
 13806 | Orc:2    | Found a staircase to the Elven Halls.
 13832 | Orc:1    | Reached XP level 13. HP: 95/122 MP: 12/12
 13838 | Orc:1    | Reached skill level 16 in Unarmed Combat
 14366 | Orc:2    | Found Tuhit's Self-Improvement Boutique.
 14397 | Orc:2    | Noticed Snorg
 14400 | Orc:2    | Killed Snorg
 14401 | Orc:2    | Reached skill level 14 in Fighting
 14653 | Orc:2    | Found Mihyl's Antique Weapon Emporium.
 14663 | Orc:2    | Reached skill level 10 in Armour
 15073 | Orc:2    | HP: 28/124 [orc knight/+0 glaive (6)]
 16082 | Orc:2    | Reached skill level 17 in Unarmed Combat
 16267 | Orc:2    | Found Guhueh's Distillery.
 16278 | Orc:2    | Found Ycwuywnupn's Assorted Antiques.
 16280 | Orc:2    | Found Ahideps's Antique Weapon Emporium.
 16583 | Lair:1   | Entered Level 1 of the Lair of Beasts
 16751 | Lair:1   | Reached skill level 15 in Fighting
 16785 | Lair:1   | Identified the +4 ring mail of Noaga {Dex+3}
 17151 | Lair:1   | Reached XP level 14. HP: 96/135 MP: 13/13
 17787 | Lair:2   | You pick up a book of Alchemy and begin reading...
 17912 | Lair:2   | Identified a potion of experience
 17913 | Lair:2   | Reached skill level 16 in Fighting
 17913 | Lair:2   | Reached skill level 18 in Unarmed Combat
 17913 | Lair:2   | Reached XP level 15. HP: 145/145 MP: 14/14
 17977 | Lair:2   | Found a runed translucent door.
 17978 | Lair:2   | Noticed Cattocvo's ghost (journeyman VSWr)
 18862 | Lair:3   | Found a staircase to the Snake Pit.
 19091 | Lair:3   | Noticed Kirke
 19129 | Lair:3   | Killed Kirke
 19302 | Lair:3   | Reached skill level 17 in Fighting
 19576 | Lair:3   | Reached skill level 19 in Unarmed Combat
 19983 | Lair:4   | Found a staircase to the Slime Pits.
 19985 | Lair:4   | Found a viscous altar of Jiyva.
 20442 | Lair:4   | Found a blossoming altar of Fedhas.
 20620 | D:6      | Bought a glowing crystal plate armour for 1826 gold pieces
 20620 | D:6      | Identified a +1 crystal plate armour (You bought it in a
                  | shop on level 6 of the Dungeon)
 20626 | D:6      | a - a +1 crystal plate armour {rare=g}
 20632 | D:6      | You finish putting on your +1 crystal plate armour
                  | {rare=g}.
 21104 | Lair:4   | Could not pick up a +0 quick blade {shortrare=g} here;
                  | ([A]lways) ignore it?
 21642 | Lair:5   | Entered Level 5 of the Lair of Beasts
 22632 | Lair:5   | Reached ****** piety under Wu Jian
 22655 | Lair:5   | Reached skill level 18 in Fighting
 22685 | Lair:5   | Reached skill level 20 in Unarmed Combat
 22736 | Lair:5   | You pick up a book of Flames and begin reading...
 22736 | Lair:5   | You add the spells Inner Flame, Sticky Flame and Flame Wave
                  | to your library.
 22746 | Lair:5   | You pick up a book of Rime and begin reading...
 22746 | Lair:5   | You add the spells Frozen Ramparts and Summon Ice Beast to
                  | your library.
 22751 | Lair:5   | Identified the +3 sling "Reyrr" {flame, Will- Int+4}
 22773 | Lair:5   | Reached XP level 16. HP: 157/157 MP: 15/15
 23187 | D:13     | You fall into a shaft and drop 1 floor!
 23398 | D:13     | Found a gate to the Vaults.
 23466 | D:13     | You pick up a book of Unlife and begin reading...
 23466 | D:13     | You add the spells Animate Dead, Borgnjor's Vile Clutch and
                  | Death Channel to your library.
 23631 | D:13     | Identified the +0 ring mail "Omnalidd" {Harm *Slow MP+9}
 24019 | D:14     | your +1 crystal plate armour {rare=g} glows green for a
                  | moment.
 24401 | D:14     | You add the spells Ignite Poison and Ignition to your
                  | library.
 24923 | D:15     | Entered Level 15 of the Dungeon
 25000 | D:15     | Found a hide-covered altar of Uskayaw.
 25237 | D:15     | Reached skill level 11 in Armour
 25782 | D:15     | Found a staircase to the Depths.
 26119 | Snake:1  | Entered Level 1 of the Snake Pit
 26358 | Snake:1  | Reached skill level 19 in Fighting
 26756 | Snake:1  | Reached skill level 21 in Unarmed Combat
 26773 | Snake:1  | You pick up a book of the Warp and begin reading...
 26773 | Snake:1  | You add the spells Manifold Assault and Disjunction to your
                  | library.
 27495 | Snake:2  | Reached XP level 17. HP: 167/168 MP: 16/16
 27499 | Snake:2  | Noticed Saint Roka
 27580 | Snake:2  | Killed Saint Roka
 27785 | Snake:2  | Reached skill level 12 in Armour
 27865 | Snake:2  | Found a frozen archway.
 27890 | Snake:2  | HP: 31/168 [lindwurm simulacrum (13)]
 27896 | Snake:2  | HP: 13/168 [naga sharpshooter/arrow (10)]
 28236 | Snake:2  | Noticed Agnes
 28243 | Snake:2  | Killed Agnes
 28331 | Snake:2  | Noticed Frances
 28335 | Snake:2  | Killed Frances
 28345 | Snake:2  | Noticed Isiyh's ghost (journeyman MiMo)
 28364 | Snake:2  | Found a runed translucent door.
 28928 | Snake:2  | Noticed Asterion
 28932 | Snake:2  | Killed Asterion
 28934 | Snake:2  | Upgraded the game from 0.30-a0-918-g0ff054e9dc to
                  | 0.30-a0-920-g7493c07aab
 29114 | Snake:2  | Noticed Azrael
 29132 | Snake:2  | Killed Azrael
 29293 | Snake:2  | Reached skill level 20 in Fighting
 29772 | Snake:3  | Found Bufifu's CLEARANCE SALE!.
 30111 | Snake:3  | Reached skill level 13 in Armour
 30542 | Snake:4  | Entered Level 4 of the Snake Pit
 30547 | Snake:4  | Reached skill level 22 in Unarmed Combat
 30975 | Snake:4  | Reached XP level 18. HP: 174/180 MP: 17/17
 31627 | Snake:4  | Reached skill level 21 in Fighting
 31992 | Orc:2    | Bought a manual of Armour for 960 gold pieces
 32414 | Snake:4  | Got a serpentine rune of Zot
 32575 | Shoals:1 | Entered Level 1 of the Shoals
 33043 | Shoals:1 | Reached skill level 14 in Armour
 33272 | Shoals:1 | Identified the +1 ring mail "Ysawus" {Str-5 Int+7 Dex-3
                  | SInv}
 33465 | Shoals:1 | HP: 41/182 [tentacle[a kraken] (19)]
 33474 | Shoals:1 | HP: 31/182 [merfolk/+0 trident of pain (12)]
 33850 | Shoals:1 | You add the spells Alistair's Intoxication and Eringya's
                  | Noxious Bog to your library.
 33859 | Shoals:1 | You pick up a book of Blood and begin reading...
 34037 | Shoals:1 | Found a runed translucent gate.
 34037 | Shoals:1 | Found a runed translucent gate.
 34038 | Shoals:1 | Found a runed translucent gate.
 34039 | Shoals:1 | Noticed Imuqomp's ghost (adept AtWn)
 34277 | Shoals:2 | Reached skill level 23 in Unarmed Combat
 34721 | Orc:2    | Bought a potion of haste for 130 gold pieces
 34945 | Shoals:2 | Noticed Aizul
 34949 | Shoals:2 | Reached skill level 15 in Armour
 34958 | Shoals:2 | Killed Aizul
 35157 | Shoals:2 | Found a runed translucent gate.
 35157 | Shoals:2 | Found a runed translucent gate.
 35157 | Shoals:2 | Found a runed translucent gate.
 35159 | Shoals:2 | Noticed Busoho's ghost (adept MiFi)
 35159 | Shoals:2 | Noticed Xomnowas's ghost (journeyman HOFi)
 35165 | Shoals:2 | Noticed Ilsuiw
 35226 | Shoals:2 | Killed Ilsuiw
 35334 | Shoals:2 | Noticed Nikola
 35339 | Shoals:2 | Killed Nikola
 35351 | Shoals:2 | Noticed Hiprater's ghost (adept MiBe)
 35351 | Shoals:2 | Noticed Taczaky's ghost (journeyman MiFi)
 35652 | Shoals:2 | Noticed Polyphemus
 35656 | Shoals:2 | Killed Polyphemus
 35674 | Shoals:2 | Reached XP level 19. HP: 176/191 MP: 18/18
 36048 | Shoals:3 | Reached skill level 16 in Armour
 36576 | Shoals:3 | You pick up a book of Geomancy and begin reading...
 37021 | Shoals:4 | Entered Level 4 of the Shoals
 37075 | Shoals:4 | Reached skill level 22 in Fighting
 37604 | Shoals:4 | HP: 44/191 [merfolk impaler/+5 trident of freezing (6)]
 37606 | Shoals:4 | HP: 7/191 [frost giant/bolt of cold (22)]
 37609 | Shoals:4 | Slain by a merfolk impaler

Vanquished Creatures
  Saint Roka (Snake:2)
  Nikola (Shoals:2)
  Jorgrun (D:12)
  Asterion (Snake:2)
  Frances (Snake:2)
  5 krakens
  Polyphemus (Shoals:2)
  Kirke (Lair:3)
  Agnes (Snake:2)
  8 nagarajas (Snake:4)
  Ilsuiw (Shoals:2)
  Aizul (Shoals:2)
  Azrael (Snake:2)
  Snorg (Orc:2)
  2 merfolk javelineers (Shoals:2)
  A fire dragon (D:15)
  A vault guard (D:13)
  4 merfolk impalers
  An ice dragon (Lair:3)
  A salamander tyrant (Snake:4)
  5 hydras
  2 ogre magi
  2 catoblepae
  4 merfolk avatars
  A death knight (D:14)
  7 centaur warriors
  8 anacondas
  5 two-headed ogres
  A merfolk aquamancer (Shoals:3)
  A satyr (Shoals:3)
  A deep troll shaman (Lair:5)
  14 death yaks
  10 naga warriors
  2 boulder beetles
  3 orc high priests (Orc:2)
  7 shock serpents
  10 naga sharpshooters
  4 skysharks
  A fire crab (shapeshifter) (D:8)
  9 sea snakes
  A salamander mystic (Snake:4)
  5 naga ritualists
  A lindwurm (Lair:5)
  A spriggan simulacrum (Snake:2)
  2 deep elf zephyrmancers (D:15)
  A phantasmal warrior (D:14)
  8 orc knights
  13 ugly things
  3 mana vipers
  29 harpies
  An oklob plant (Lair:4)
  A salamander (shapeshifter) (D:10)
  A necromancer (D:15)
  4 deep elf pyromancers
  8 orc sorcerers
  13 fauns
  11 manticores
  6 cyclopes
  10 merfolk sirens
  3 guardian serpents
  12 elephants
  11 salamanders
  6 water nymphs
  32 black mambas
  2 gargoyles
  25 naga magi
  9 cane toads
  5 komodo dragons
  A kobold demonologist (D:14)
  3 centaur skeletons (D:15)
  A rime drake (Lair:3)
  2 efreet
  2 freezing wraiths (D:14)
  3 tengu conjurers (D:14)
  8 trolls
  3 meliai (D:14)
  17 merfolk
  4 polar bears
  6 wind drakes (Shoals:2)
  21 blink frogs
  A hornet (D:8)
  8 snapping turtles
  12 dream sheep
  A dire elephant simulacrum (Snake:2)
  2 shadows
  2 vampires
  4 slime creatures
  3 wraiths
  36 yaks
  2 wyverns
  5 fire elementals (Snake:2)
  Eustachio (D:6)
  2 basilisks
  4 water elementals
  7 hogs (Lair:3)
  2 steam dragons
  A minotaur simulacrum (Snake:2)
  8 vampire mosquitoes
  7 wargs
  A harpy simulacrum (Snake:2)
  57 nagas
  3 hell hounds (Snake:2)
  2 acid dragons
  14 water moccasins
  29 orc warriors
  A sky beast (D:8)
  4 ice beasts
  3 black bears
  9 wolves (Lair:5)
  12 ogres
  A phantom (D:5)
  5 centaurs
  8 kobold brigands
  2 elf zombies (Ossuary)
  4 gnoll sergeants (D:9)
  20 bullfrogs
  3 deep troll simulacra (Snake:2)
  3 scorpions
  27 wights
  A lindwurm simulacrum (Snake:2)
  10 killer bees
  5 electric eels
  3 howler monkeys
  3 centaur zombies (Ossuary)
  3 hounds
  9 orc priests
  A gnoll bouda (D:6)
  6 jellies
  A sleepcap (D:6)
  2 iguanas
  26 orc wizards
  A hound zombie (Ossuary)
  4 mummies
  11 gnolls
  3 adders
  2 shadow imps
  2 ufetubi
  3 adder zombies (Ossuary)
  2 worms
  2 dart slugs (D:1)
  56 orcs
  5 ball pythons
  7 bats
  10 endoplasms
  3 giant cockroaches (D:4)
  11 goblins
  7 hobgoblins
  A quokka (D:1)
  5 frilled lizards
  A gnoll zombie (Ossuary)
  6 goblin zombies (Ossuary)
  7 hobgoblin zombies
  4 jackal zombies (Ossuary)
  18 kobolds
  2 kobold zombies (Ossuary)
  2 orc zombies
  3 quokka zombies (Ossuary)
  4 rats
  2 rat zombies (Ossuary)
  2 plants
  11 tentacles
1010 creatures vanquished.

Vanquished Creatures (others)
  A centaur (D:15)
  11 fungi
  118 plants
  22 tentacles
152 creatures vanquished.

Grand Total: 1162 creatures vanquished

Table legend:
 A = Non-vault XP
 B = Vault XP
 C = Vault XP percentage of total XP
 D = Non-vault monster count
 E = Vault monster count
 F = Vault count percentage of total count
                 A         B        C        D         E       F
            +---------+---------+-------+---------+---------+-------
      Total |  210833 |  102834 |  32.8 |     699 |     298 |  29.9
            +---------+---------+-------+---------+---------+-------
        D:1 |      37 |       6 |  14.0 |      21 |       2 |   8.7
        D:2 |      23 |       0 |   0.0 |       8 |       0 |   0.0
        D:3 |      22 |      26 |  54.2 |      13 |       8 |  38.1
        D:4 |     208 |       0 |   0.0 |      21 |       0 |   0.0
        D:5 |     520 |       0 |   0.0 |      12 |       0 |   0.0
        D:6 |     858 |     197 |  18.7 |      20 |       1 |   4.8
        D:7 |    1713 |      20 |   1.2 |      19 |       3 |  13.6
        D:8 |    3686 |    3287 |  47.1 |      41 |      14 |  25.5
        D:9 |    2210 |    1557 |  41.3 |      29 |      24 |  45.3
       D:10 |    1561 |    5753 |  78.7 |      20 |       9 |  31.0
       D:11 |    3565 |       0 |   0.0 |      17 |       0 |   0.0
       D:12 |    3149 |    1941 |  38.1 |      17 |       1 |   5.6
       D:13 |    7569 |    2186 |  22.4 |      17 |       4 |  19.0
       D:14 |    7939 |       0 |   0.0 |      18 |       0 |   0.0
       D:15 |   11043 |    4122 |  27.2 |      19 |       8 |  29.6
     Lair:1 |    7349 |       0 |   0.0 |      21 |       0 |   0.0
     Lair:2 |    5311 |     619 |  10.4 |      19 |       5 |  20.8
     Lair:3 |    5832 |    4570 |  43.9 |      17 |      13 |  43.3
     Lair:4 |    3037 |     210 |   6.5 |      11 |       7 |  38.9
     Lair:5 |   12779 |    7556 |  37.2 |      40 |      18 |  31.0
   Shoals:1 |   21039 |    1451 |   6.5 |      39 |       1 |   2.5
   Shoals:2 |   20191 |   10864 |  35.0 |      38 |      11 |  22.4
   Shoals:3 |   11604 |    1453 |  11.1 |      25 |       2 |   7.4
   Shoals:4 |   11196 |    4466 |  28.5 |      18 |       8 |  30.8
    Snake:1 |   14603 |    3349 |  18.7 |      32 |       9 |  22.0
    Snake:2 |   18147 |   14688 |  44.7 |      39 |      36 |  48.0
    Snake:3 |   15354 |       0 |   0.0 |      32 |       0 |   0.0
    Snake:4 |   12199 |   24566 |  66.8 |      26 |      42 |  61.8
      Orc:1 |    4152 |    1488 |  26.4 |      23 |      11 |  32.4
      Orc:2 |    3937 |    8017 |  67.1 |      27 |      24 |  47.1
    Ossuary |       0 |     442 | 100.0 |       0 |      37 | 100.0
            +---------+---------+-------+---------+---------+-------

Illustrated notes

Table legend:
 A = Kills in this place as a percentage of kills in the entire game.
 B = Kills by you in this place as a percentage of kills by you in the entire game.
 C = Kills by friends in this place as a percentage of kills by friends in the entire game.
 D = Other kills in this place as a percentage of other kills in the entire game.
 E = Experience gained in this place as a percentage of experience gained in the entire game.
 F = Experience gained in this place divided by the number of levels of this place that you have seen.
                   A       B       C       D       E      F
               +-------+-------+-------+-------+-------+----------------------
         Total | 100.0 | 100.0 |   N/A |   N/A | 100.0 | 9802.1
       Dungeon |  36.7 |  36.7 |   N/A |   N/A |  20.1 | 4213.2
          Lair |  15.1 |  15.1 |   N/A |   N/A |  15.1 | 9452.6
        Shoals |  14.2 |  14.2 |   N/A |   N/A |  26.2 | 20566.0
     Snake Pit |  21.7 |  21.7 |   N/A |   N/A |  32.8 | 25726.5
  Orcish Mines |   8.5 |   8.5 |   N/A |   N/A |   5.6 | 8797.0
       Ossuary |   3.7 |   3.7 |   N/A |   N/A |   0.1 | 442.0
               +-------+-------+-------+-------+-------+----------------------

Table legend: (Time is in decaauts)
 A = Elapsed time spent in this place.
 B = Non-inter-level travel time spent in this place.
 C = Inter-level travel time spent in this place.
 D = Time resting spent in this place.
 E = Time spent auto-exploring this place.
 F = Levels seen in this place.
 G = Mean time per level.
                   A        B        C        D        E       F      G
               +--------+--------+--------+--------+--------+-----+--------+
         Total |  37200 |  34453 |   2747 |   6806 |  20508 |  32 | 1162.5 |
       Dungeon |  16741 |  15424 |   1317 |   2038 |  10848 |  15 | 1116.1 |
        Temple |     14 |      7 |      7 |      0 |      0 |   1 |   14.0 |
          Lair |   6314 |   5725 |    589 |    546 |   4318 |   5 | 1262.8 |
        Shoals |   4601 |   4453 |    148 |   1393 |   1814 |   4 | 1150.2 |
     Snake Pit |   6064 |   5669 |    395 |   1562 |   2561 |   4 | 1516.0 |
  Orcish Mines |   3073 |   2784 |    289 |   1267 |    810 |   2 | 1536.5 |
       Ossuary |    391 |    391 |      0 |      0 |    157 |   1 |  391.0 |
               +--------+--------+--------+--------+--------+-----+--------+

Top non-repeatable levels by time:
 Snake:2: 1861 daAuts
Shoals:1: 1832 daAuts
 Snake:1: 1821 daAuts
     D:8: 1739 daAuts
   Orc:1: 1694 daAuts
    D:10: 1627 daAuts
     D:9: 1548 daAuts
 Snake:4: 1504 daAuts
  Lair:4: 1493 daAuts
  Lair:3: 1451 daAuts
   Orc:2: 1378 daAuts
     D:7: 1321 daAuts
Shoals:3: 1283 daAuts
  Lair:5: 1243 daAuts
Shoals:2: 1189 daAuts
